 Dungeon Crawl Stone Soup version 0.18-a0-1799-g6250cb2 (webtiles) character file.

88 Etesian the Skirmisher (level 4, -6/45 HPs)
             Began as a Troll Fighter on Apr 23, 2016.
             Mangled by Sigmund
             ... wielding a +1 scythe of flaming
              (9 damage)
             ... on level 2 of the Dungeon.
             The game lasted 00:03:38 (1005 turns).

Etesian the Skirmisher (Troll Fighter)              Turns: 1005, Time: 00:03:39

Health: -6/45      AC:  5    Str: 30    XL:     4   Next: 29%
Magic:  3/3        EV:  8    Int:  4    God:
Gold:   79         SH:  0    Dex:  9    Spells: 0 memorised, 3 levels left

rFire  . . .     SeeInvis .       - Unarmed
rCold  . . .     Gourm    +     a - +0 robe
rNeg   . . .     Faith    .     b - +0 shield
rPois  +         Spirit   .     (helmet restricted)
rElec  .         Dismiss  .     (no cloak)
rCorr  .         Reflect  .     (gloves unavailable)
SustAt .         Harm     .     (boots unavailable)
MR     .....                    (no amulet)
Stlth  +.........               (no ring)
                                j - ring of poison resistance

@: confused, mighty, not resistant to hostile enchantments, very unstealthy
A: unfitting armour, claws 3, fast metabolism 3, gourmand, regeneration 2,
shaggy fur 1, tough skin 2
a: no special abilities


You were on level 2 of the Dungeon.
You were completely stuffed.

You visited 1 branch of the dungeon, and saw 2 of its levels.

You collected 79 gold pieces.

Inventory:

Armour
 a - a +0 robe (worn)
 b - a +0 shield (worn)
Jewellery
 j - a ring of poison resistance (left claw)
Scrolls
 k - a scroll of enchant armour {unknown}
 l - a scroll of teleportation {unknown}
 n - a scroll of noise {unknown}
 o - 2 scrolls of fear {unknown}
 q - a scroll of identify
Potions
 e - 2 potions of brilliance
 i - a potion of heal wounds
 m - a potion of degeneration {unknown}
 p - a potion of agility {unknown}
Comestibles
 d - 4 bread rations
 f - a royal jelly
 g - 3 chunks of flesh
 h - a meat ration


   Skills:
 + Level 3.1 Fighting
 + Level 3.0 Dodging
 + Level 2.6 Shields
 * Level 2.9 Unarmed Combat


You had 3 spell levels left.
You didn't know any spells.

Dungeon Overview and Level Annotations

Branches:
Dungeon (2/15)

Altars:
Okawaru

Annotations:
D:2 Sigmund


Innate Abilities, Weirdness & Mutations

You are too large for most types of armour.
You have claws for hands.
Your metabolism is lightning-fast.
You like to eat raw meat.
You heal very quickly.
You are covered in fur (AC +1).
You have very tough skin (AC +2).


Message History

You take 8 damage, and have 35/45 hp.
You bump into the rock wall.
Something hits you. Something burns you.
You take 8 damage, and have 27/45 hp.
Your shield prevents you from hitting something.
Something hits you. Something burns you.
You take 9 damage, and have 18/45 hp.
You bump into the rock wall.
You barely miss something. Something hits you!
* * * LOW HITPOINT WARNING * * *
Something burns you.
* * * LOW HITPOINT WARNING * * *
You take 13 damage, and have 6/45 hp.
MASSIVE DAMAGE!!
You're too confused to move!
You hear some strange, mumbled words.
A puff of flame appears from out of thin air!
The puff of flame hits you!
* * * LOW HITPOINT WARNING * * *
You take 4 damage, and have 2/45 hp.
You miss something. Something hits you!
You die...

##########
.........#########
########.........#
#########@# #{#
#.# #.# #.# ..#
###


There were no monsters in sight!

Vanquished Creatures
  3 gnolls (D:2)
  2 adders
  An ooze (D:2)
  A worm (D:2)
  A dart slug (D:1)
  7 bats
  A giant cockroach (D:1)
  6 goblins (D:1)
  2 hobgoblins
  2 jackals (D:1)
  A giant newt (D:2)
  4 kobolds (D:2)
  5 rats (D:1)
36 creatures vanquished.

Notes
Turn   | Place    | Note
--------------------------------------------------------------
     0 | D:1      | Etesian the Troll Fighter began the quest for the Orb.
     0 | D:1      | Reached XP level 1. HP: 22/22 MP: 0/0
   111 | D:1      | Reached XP level 2. HP: 29/29 MP: 1/1
   418 | D:1      | Reached XP level 3. HP: 14/36 MP: 2/2
   774 | D:2      | Found an iron altar of Okawaru.
   870 | D:2      | Reached XP level 4. HP: 45/45 MP: 3/3
   990 | D:2      | Noticed Sigmund
  1004 | D:2      | HP: 2/45 [something/puff of flame (4)]
  1005 | D:2      | Mangled by Sigmund

Vault maps used:
D:1:      kennysheep_arrival_forest, minmay_misc_feat_roman, solitary_fountain
D:2:      lemuel_crystal_altar, roderic_malta_cross, moated_statue,
          grunt_ministairs_2, uniq_iyjb, uniq_sigmund

Skill      XL: |  1  2  3 |
---------------+----------+-----
Fighting       | 3 |  3.1
Dodging        | 3 |  3.0
Shields        | |  2.6
Unarmed Combat | |  2.9

Action                   |  1- 3 |  4- 6 || total
-------------------------+-------+-------++-------
Melee: Unarmed           |   120 |    13 ||   133
  Use: Scroll            |     2 |       ||     2
       Potion            |       |     1 ||     1
  Eat: Chunk             |    14 |     1 ||    15
Armor: Robe              |    48 |       ||    48
Dodge: Dodged            |    35 |     3 ||    38
Block: Shield            |    68 |     3 ||    71
